PA
COLUMBIA RIVER RATS @ ATHLETIC CLUB KC U-21
07/18/2028
 
TOP OF THE 1ST
Columbia River Rats batting - Pitching for Athletic Club KC U-21 : RHP Lester Roadley
Pitching: RHP Lester Roadley
Batting: RHB Víctor Hernández 0-0: Ball
1-0: Ball
2-0: Foul Ball, location: 2F
2-1: Swinging Strike
2-2: Ground out 6-3 (Groundball, 6)
Batting: RHB Mario Jacome 0-0: Ball
1-0: Called Strike
1-1: Ball
2-1: Called Strike
2-2: Strikes out swinging
Batting: RHB Michael Walters 0-0: Ball
1-0: Ground out 6-3 (Groundball, 6)
Top of the 1st over - 0 run(s), 0 hit(s), 0 error(s), 0 left on base; Columbia 0 - Athletic Club KC 0
BOTTOM OF THE 1ST
Athletic Club KC U-21 batting - Pitching for Columbia River Rats : RHP Howard Jamerson
Pitching: RHP Howard Jamerson
Batting: LHB Takayuki Yoshikawa 0-0: Fly out, F4 (Line Drive, 4)
Batting: RHB Tasuku Goto 0-0: Ball
1-0: SINGLE (Line Drive, 7S)
Batting: LHB Wu-shun Chu 0-0: Ball
Tasuku Goto is caught stealing 2nd base
1-0: Foul Ball, location: 2F
1-1: Ball
2-1: Swinging Strike
2-2: Foul Ball, location: 2F
2-2: Strikes out swinging
Bottom of the 1st over - 0 run(s), 1 hit(s), 0 error(s), 0 left on base; Columbia 0 - Athletic Club KC 0
TOP OF THE 2ND
Columbia River Rats batting - Pitching for Athletic Club KC U-21 : RHP Lester Roadley
Batting: RHB Marcos Rico 0-0: Ball
1-0: Foul Ball, location: 2F
1-1: Ball
2-1: Ball
3-1: Foul Ball, location: 2F
3-2: SINGLE (Line Drive, 8LS)
Batting: RHB Enrique Rocha 0-0: Ball
1-0: Foul Ball, location: 2F
1-1: Ball
2-1: Swinging Strike
2-2: Grounds into double play, 5-4-3 (Groundball, 56)
Batting: RHB Richard Blackburn 0-0: Called Strike
0-1: Ball
1-1: Foul Ball, location: 2F
1-2: Strikes out swinging
Top of the 2nd over - 0 run(s), 1 hit(s), 0 error(s), 0 left on base; Columbia 0 - Athletic Club KC 0
BOTTOM OF THE 2ND
Athletic Club KC U-21 batting - Pitching for Columbia River Rats : RHP Howard Jamerson
Batting: RHB Colin Bottone 0-0: Foul Ball, location: 2F
0-1: Foul Ball, location: 2F
0-2: Foul Ball, location: 2F
0-2: Ball
1-2: Ball
2-2: Strikes out swinging
Batting: RHB Roberto Romero 0-0: Ball
1-0: SINGLE (Line Drive, 56)
Batting: RHB Troy Whitehurst 0-0: Ball
1-0: Foul Ball, location: 2F
1-1: Swinging Strike
1-2: Grounds into double play, 6-4-3 (Groundball, 6)
Bottom of the 2nd over - 0 run(s), 1 hit(s), 0 error(s), 0 left on base; Columbia 0 - Athletic Club KC 0
TOP OF THE 3RD
Columbia River Rats batting - Pitching for Athletic Club KC U-21 : RHP Lester Roadley
Batting: RHB Don Leach 0-0: Ball
1-0: Foul Ball, location: 2F
1-1: Swinging Strike
1-2: Ball
2-2: Fly out, F3 (Popup, 3S)
Batting: RHB Fernando Arévalo 0-0: Ball
1-0: Swinging Strike
1-1: Called Strike
1-2: Ball
2-2: Foul Ball, location: 2F
2-2: Strikes out looking
Batting: RHB Miguel Delgado 0-0: Called Strike
0-1: Ball
1-1: Foul Ball, location: 2F
1-2: Ground out 1-3 (Groundball, P)
Top of the 3rd over - 0 run(s), 0 hit(s), 0 error(s), 0 left on base; Columbia 0 - Athletic Club KC 0
BOTTOM OF THE 3RD
Athletic Club KC U-21 batting - Pitching for Columbia River Rats : RHP Howard Jamerson
Batting: RHB Arturo Annunziato 0-0: Ball
1-0: Called Strike
1-1: Ground out 1-3 (Groundball, 13S)
Batting: RHB Dewey Nauss 0-0: Ball
1-0: Called Strike
1-1: Called Strike
1-2: SINGLE (Flyball, 78S)
Batting: RHB Tae-kyun Chon 0-0: Ball
1-0: Foul Ball, location: 2F
1-1: Ball
2-1: Swinging Strike
2-2: Strikes out looking
Batting: LHB Takayuki Yoshikawa 0-0: SINGLE (Line Drive, 56D)
Dewey Nauss to second
Batting: RHB Tasuku Goto 0-0: Called Strike
0-1: Fly out, F7 (Flyball, 7)
Bottom of the 3rd over - 0 run(s), 2 hit(s), 0 error(s), 2 left on base; Columbia 0 - Athletic Club KC 0
TOP OF THE 4TH
Columbia River Rats batting - Pitching for Athletic Club KC U-21 : RHP Lester Roadley
Batting: RHB Víctor Hernández 0-0: Ball
1-0: Called Strike
1-1: Ball
2-1: Ball
3-1: SINGLE (Flyball, 9S)
Batting: RHB Mario Jacome 0-0: Ball
1-0: Called Strike
Víctor Hernández steals 2nd base
1-1: Ball
2-1: Ground out 4-3 (Groundball, 4MD)
Víctor Hernández to third
Batting: RHB Michael Walters 0-0: Called Strike
0-1: Ball
1-1: Ball
2-1: Ball
3-1: DOUBLE (Line Drive, 7)
Víctor Hernández scores
Batting: RHB Marcos Rico 0-0: Foul Ball, location: 2F
0-1: Ball
1-1: Foul Ball, location: 2F
1-2: Ball
2-2: 2-RUN HOME RUN (Flyball, 7D), Distance : 404 ft
Batting: RHB Enrique Rocha 0-0: Foul Ball, location: 2F
0-1: Ball
1-1: Fly out, F7 (Flyball, 7S)
Batting: RHB Richard Blackburn 0-0: Ball
1-0: Foul Ball, location: 2F
1-1: Swinging Strike
1-2: Strikes out looking
Top of the 4th over - 3 run(s), 3 hit(s), 0 error(s), 0 left on base; Columbia 3 - Athletic Club KC 0
BOTTOM OF THE 4TH
Athletic Club KC U-21 batting - Pitching for Columbia River Rats : RHP Howard Jamerson
Batting: LHB Wu-shun Chu 0-0: Ball
1-0: Called Strike
1-1: Ball
2-1: Swinging Strike
2-2: Ball
3-2: Foul Ball, location: 2F
3-2: Base on Balls
Batting: RHB Colin Bottone 0-0: Ball
1-0: Grounds into double play, 4-6-3 (Groundball, 4)
Batting: RHB Roberto Romero 0-0: Ground out 2-3 (Groundball, 2R)
Bottom of the 4th over - 0 run(s), 0 hit(s), 0 error(s), 0 left on base; Columbia 3 - Athletic Club KC 0
TOP OF THE 5TH
Columbia River Rats batting - Pitching for Athletic Club KC U-21 : RHP Lester Roadley
Batting: RHB Don Leach 0-0: Ball
1-0: Called Strike
1-1: Ball
2-1: Ball
3-1: SINGLE (Line Drive, 6D)
Batting: RHB Fernando Arévalo 0-0: Swinging Strike
0-1: Ball
1-1: DOUBLE (Groundball, 5L)
Don Leach to third
Batting: RHB Miguel Delgado 0-0: Called Strike
0-1: Ground out 6-3 (Groundball, 6)
Don Leach scores
Batting: RHB Víctor Hernández 0-0: Swinging Strike
0-1: Ball
1-1: Called Strike
1-2: Foul Ball, location: 2F
1-2: Ball
2-2: Strikes out swinging
Batting: RHB Mario Jacome 0-0: Ball
1-0: Called Strike
1-1: Ball
2-1: Called Strike
2-2: Foul Ball, location: 2F
2-2: Foul Ball, location: 2F
2-2: Foul Ball, location: 2F
2-2: Ball
3-2: Foul Ball, location: 2F
3-2: Foul Ball, location: 2F
3-2: SINGLE (Groundball, 56D)
Fernando Arévalo to third
Fernando Arévalo scores
Batting: RHB Michael Walters 0-0: Called Strike
Mario Jacome steals 2nd base
0-1: Fly out, F5 (Popup, 5D)
Top of the 5th over - 2 run(s), 3 hit(s), 0 error(s), 1 left on base; Columbia 5 - Athletic Club KC 0
BOTTOM OF THE 5TH
Athletic Club KC U-21 batting - Pitching for Columbia River Rats : RHP Howard Jamerson
Batting: RHB Troy Whitehurst 0-0: Fly out, F8 (Flyball, 8RS)
Batting: RHB Arturo Annunziato 0-0: Called Strike
0-1: Ball
1-1: Fly out, F5 (Popup, 5D)
Batting: RHB Dewey Nauss 0-0: Ball
1-0: Fly out, F9 (Flyball, 9S)
Bottom of the 5th over - 0 run(s), 0 hit(s), 0 error(s), 0 left on base; Columbia 5 - Athletic Club KC 0
TOP OF THE 6TH
Columbia River Rats batting - Pitching for Athletic Club KC U-21 : RHP Lester Roadley
Pitching: RHP Josh Stout
Batting: RHB Marcos Rico 0-0: Ball
1-0: Ball
2-0: Foul Ball, location: 2F
2-1: Swinging Strike
2-2: Foul Ball, location: 2F
2-2: Ground out 6-3 (Groundball, 6)
Batting: RHB Enrique Rocha 0-0: Ball
1-0: Called Strike
1-1: Ball
2-1: Ball
3-1: Base on Balls
Batting: RHB Richard Blackburn 0-0: Ball
1-0: Ball
Enrique Rocha is caught stealing 2nd base
2-0: Called Strike
2-1: Ball
3-1: Foul Ball, location: 2F
3-2: Strikes out looking
Top of the 6th over - 0 run(s), 0 hit(s), 0 error(s), 0 left on base; Columbia 5 - Athletic Club KC 0
BOTTOM OF THE 6TH
Athletic Club KC U-21 batting - Pitching for Columbia River Rats : RHP Howard Jamerson
Batting: RHB Tae-kyun Chon 0-0: Called Strike
0-1: Swinging Strike
0-2: Strikes out swinging, 2-3 out at first.
Batting: LHB Takayuki Yoshikawa 0-0: Ball
1-0: Called Strike
1-1: Ball
2-1: Reached on error, E5 (Groundball, 2L)
Batting: RHB Tasuku Goto 0-0: Foul Ball, location: 2F
0-1: Ball
1-1: Swinging Strike
1-2: SINGLE (Flyball, 78S)
Takayuki Yoshikawa to second
Batting: LHB Wu-shun Chu 0-0: Ball
Takayuki Yoshikawa is caught stealing 3rd base
Tasuku Goto to second
1-0: SINGLE (Line Drive, 4M)
Tasuku Goto to third
Runner from 3rd tries for Home, SAFE, no throw
Batting: RHB Colin Bottone 0-0: Ball
Wu-shun Chu steals 2nd base
1-0: Swinging Strike
1-1: Ball
2-1: Swinging Strike
2-2: Strikes out swinging
Bottom of the 6th over - 1 run(s), 2 hit(s), 1 error(s), 1 left on base; Columbia 5 - Athletic Club KC 1
TOP OF THE 7TH
Columbia River Rats batting - Pitching for Athletic Club KC U-21 : RHP Josh Stout
Batting: RHB Don Leach 0-0: Called Strike
0-1: Swinging Strike
0-2: Ball
1-2: Fly out, F6 (Line Drive, 6)
Batting: RHB Fernando Arévalo 0-0: Called Strike
0-1: SINGLE (Line Drive, 8LS)
Batting: RHB Miguel Delgado 0-0: Ball
1-0: Fly out, F5 (Popup, 5D)
Batting: RHB Víctor Hernández 0-0: Called Strike
0-1: Foul Ball, location: 2F
0-2: Ball
Fernando Arévalo steals 2nd base
1-2: Foul Ball, location: 2F
1-2: Ball
2-2: Hit by Pitch
Batting: RHB Mario Jacome 0-0: Fielders Choice at 2nd, U6 (Groundball, 6M)
Top of the 7th over - 0 run(s), 1 hit(s), 0 error(s), 2 left on base; Columbia 5 - Athletic Club KC 1
BOTTOM OF THE 7TH
Athletic Club KC U-21 batting - Pitching for Columbia River Rats : RHP Howard Jamerson
Batting: RHB Roberto Romero 0-0: Called Strike
0-1: Ball
1-1: Swinging Strike
1-2: Ball
2-2: Strikes out swinging
Batting: RHB Troy Whitehurst 0-0: Ball
1-0: Ball
2-0: SINGLE (Line Drive, 6)
Batting: RHB Arturo Annunziato 0-0: Ball
1-0: Called Strike
1-1: Ball
2-1: Swinging Strike
2-2: Ball
3-2: Strikes out swinging
Batting: RHB Dewey Nauss 0-0: SINGLE (Groundball, 4D)
Troy Whitehurst to second
Runner from 2nd tries for 3rd, SAFE, throw made to third
Batting: RHB Tae-kyun Chon 0-0: Called Strike
0-1: Foul Ball, location: 2F
0-2: Ball
1-2: Foul Ball, location: 2F
1-2: Foul Ball, location: 2F
1-2: Foul Ball, location: 2F
1-2: Ball
2-2: Fly out, F8 (Flyball, 8LS)
Bottom of the 7th over - 0 run(s), 2 hit(s), 0 error(s), 2 left on base; Columbia 5 - Athletic Club KC 1
TOP OF THE 8TH
Columbia River Rats batting - Pitching for Athletic Club KC U-21 : RHP Josh Stout
Batting: RHB Michael Walters 0-0: Ball
1-0: Foul Ball, location: 2F
1-1: Foul Ball, location: 2F
1-2: Ball
2-2: Ball
3-2: Base on Balls
Batting: RHB Marcos Rico 0-0: Called Strike
0-1: Foul Ball, location: 2F
0-2: Ball
1-2: Ball
2-2: Foul Ball, location: 2F
2-2: Grounds into double play, 4-6-3 (Groundball, 4)
Batting: RHB Enrique Rocha 0-0: Called Strike
0-1: Ball
1-1: SINGLE (Groundball, 5) (infield hit)
Batting: RHB Richard Blackburn 0-0: Ball
1-0: Fielders Choice at 2nd, 5-4 (Groundball, 5L)
Top of the 8th over - 0 run(s), 1 hit(s), 0 error(s), 0 left on base; Columbia 5 - Athletic Club KC 1
BOTTOM OF THE 8TH
Athletic Club KC U-21 batting - Pitching for Columbia River Rats : RHP Howard Jamerson
Batting: LHB Takayuki Yoshikawa 0-0: Ball
1-0: Swinging Strike
1-1: Called Strike
1-2: Ground out 4-3 (Groundball, 34D)
Batting: RHB Tasuku Goto 0-0: Ball
1-0: Swinging Strike
1-1: Swinging Strike
1-2: Strikes out swinging
Batting: LHB Wu-shun Chu 0-0: Called Strike
0-1: Ball
1-1: Ground out 6-3 (Groundball, 6)
Bottom of the 8th over - 0 run(s), 0 hit(s), 0 error(s), 0 left on base; Columbia 5 - Athletic Club KC 1
TOP OF THE 9TH
Columbia River Rats batting - Pitching for Athletic Club KC U-21 : RHP Josh Stout
Batting: RHB Don Leach 0-0: Called Strike
0-1: Ground out 5-3 (Groundball, 5S)
Batting: RHB Fernando Arévalo 0-0: Fly out, F8 (Flyball, 8LM)
Batting: RHB Miguel Delgado 0-0: Ball
1-0: SINGLE (Groundball, 34D)
Batting: RHB Víctor Hernández 0-0: Called Strike
0-1: Called Strike
0-2: Foul Ball, location: 2F
0-2: Strikes out swinging
Top of the 9th over - 0 run(s), 1 hit(s), 0 error(s), 1 left on base; Columbia 5 - Athletic Club KC 1
BOTTOM OF THE 9TH
Athletic Club KC U-21 batting - Pitching for Columbia River Rats : RHP Howard Jamerson
Batting: RHB Colin Bottone 0-0: Called Strike
0-1: Ball
1-1: Ball
2-1: Ball
3-1: Base on Balls
Batting: RHB Roberto Romero 0-0: Grounds into double play, 6-4-3 (Groundball, 6)
Batting: RHB Troy Whitehurst 0-0: Called Strike
0-1: Swinging Strike
0-2: Ball
1-2: Ball
2-2: Ball
3-2: Base on Balls
Pitching: RHP Fernando Varela
Batting: RHB Arturo Annunziato 0-0: Ball
1-0: Ball
2-0: Called Strike
2-1: Swinging Strike
2-2: Foul Ball, location: 2F
2-2: Ball
3-2: Strikes out swinging
Bottom of the 9th over - 0 run(s), 0 hit(s), 0 error(s), 1 left on base; Columbia 5 - Athletic Club KC 1
Wednesday, August 16th, 2017 - OOTP Baseball 17.12 Build 75